 Dungeon Crawl Stone Soup version 0.23.2-40-g277498a001 (webtiles) character file.

Game seed: 1545643970137237214

276 Eeowdah the Cudgeler (level 6, -4/53 HPs)
             Began as a Hill Orc Monk on Sept 11, 2019.
             Was a Plaything of Xom.
             Slain by a centaur (7 damage)
             ... on level 5 of the Dungeon.
             The game lasted 00:33:13 (3425 turns).

Eeowdah the Cudgeler (Hill Orc Monk)                Turns: 3425, Time: 00:33:13

Health: -4/53      AC:  9    Str: 15    XL:     6   Next: 25%
Magic:  6/6        EV: 13    Int: 10    God:    Xom [.*....]
Gold:   211        SH:  0    Dex: 14    Spells: 5/5 levels left

rFire    . . .     SeeInvis .   l - +2 short sword (freeze)
rCold    . . .     Gourm    .   (no shield)
rNeg     + . .     Faith    .   b - +0 robe
rPois    .         Spirit   .   (no helmet)
rElec    .         Reflect  .   C - +0 cloak
rCorr    .         Harm     .   e - +1 pair of gloves
MR       .....                  (no boots)
Stlth    ++........             j - amulet of rage
HPRegen  0.17/turn              t - ring of positive energy
MPRegen  0.10/turn              (no ring)

@: no status effects
A: thin metallic scales 1, yellow scales 1
a: Renounce Religion, Evoke Berserk Rage


You were on level 5 of the Dungeon.
You worshipped Xom.
You were a plaything of Xom.
You were not hungry.

You visited 1 branch of the dungeon, and saw 5 of its levels.

You collected 211 gold pieces.

Inventory:

Hand Weapons
 f - a +1 morningstar
 l - a +2 short sword of freezing (weapon)
 w - a +0 flail
 y - a +0 hand axe
 z - a +0 dagger
 B - a +0 falchion
 D - a +0 dagger
 E - a +0 halberd of venom
Missiles
 g - 70 stones (quivered)
 k - 32 bolts
 F - an arrow
Armour
 b - a +0 robe (worn)
 e - a +1 pair of gloves (worn)
 h - a +0 ring mail
 m - a +0 chain mail
 x - a +0 leather armour
 A - a +0 robe
 C - a +0 cloak (worn)
Jewellery
 j - an amulet of rage (around neck)
 t - a ring of positive energy (left hand)
Wands
 v - a wand of clouds (6)
Scrolls
 d - 3 scrolls of teleportation
 i - a scroll of fear
 q - 2 scrolls of identify
 r - a scroll of remove curse
 u - a scroll of random uselessness
Potions
 a - a potion of invisibility {unknown}
 n - a potion of curing
 o - a potion of agility {unknown}
 p - a potion of flight {unknown}
Comestibles
 c - 8 rations


   Skills:
 + Level 4.7 Fighting
 + Level 1.0 Short Blades
 + Level 5.4 Maces & Flails
 + Level 2.0 Throwing
 + Level 3.0 Dodging
 + Level 2.0 Stealth


You had 5 spell levels left.
You didn't know any spells.
Your spell library was empty.

Dungeon Overview and Level Annotations

Branches:
Dungeon (5/15)
 Temple: D:4-7

Altars:
Gozag
Ru
Xom


Innate Abilities, Weirdness & Mutations

You are partially covered in thin metallic scales. (AC +2)
You are partially covered in yellow scales. (AC +2)


Message History

Quivering
s - a throwing net for throwing.
Throwing (i - inventory. (/) - cycle)
s - a throwing net (quivered)
Press: ? - help, Shift-Dir - straight line, f/p - centaur
Aim: a centaur, wielding a +0 shortbow (lightly wounded)
You throw a throwing net. The throwing net hits the centaur.
The centaur is caught in the net!
The centaur is lightly wounded.
The centaur struggles against the net.
Xom's attention turns to you for a moment.
You feel uncomfortably hot.
The centaur struggles against the net. x2
You see here 3 arrows.
You hit the centaur. You freeze the centaur.
The centaur is moderately wounded.
The centaur struggles against the net.
The net rips apart, and the centaur comes free!
You hit the centaur but do no damage.
The centaur is moderately wounded.
The centaur unwields a +0 shortbow.
The centaur hits you!
You die...
Xom giggles madly!

...##...#...##....###.#.#.# #
...'.........'.........>..#...#
...#........##......(.#.....#
####........####......#####.# #
##..†.....####......#
###...................#
.##..............#.##.####.##
.##..............c.(.........
..#.............@#<.((.###.##
............(...(#.....#
.####.####.....((#........ .#
.. #.########.#..#### .# ...
#.. #.c.... .# #....... .$
#.#..##. .# ...... .# .#


You could see a centaur.

Vanquished Creatures
  2 hounds (D:4)
  An orc wizard (D:3)
  6 adders
  2 oozes
  An adder zombie (D:5)
  4 worms
  2 dart slugs
  A leopard gecko (D:3)
  9 orcs
  5 bats (D:3)
  4 giant cockroaches
  4 goblins
  3 hobgoblins
  7 jackals
  A quokka (D:2)
  2 ball pythons
  3 frilled lizards
  9 kobolds
  6 rats
72 creatures vanquished.

Vanquished Creatures (collateral kills)
  A howler monkey (D:5)
  A centaur skeleton (D:5)
2 creatures vanquished.

Grand Total: 74 creatures vanquished

Notes
Turn   | Place    | Note
-------+----------+-------------------------------------------
     0 | D:1      | Eeowdah the Hill Orc Monk began the quest for the Orb.
     0 | D:1      | Reached XP level 1. HP: 19/19 MP: 1/1
   290 | D:1      | Reached XP level 2. HP: 19/27 MP: 2/2
   813 | D:1      | Reached skill level 4 in Maces & Flails
   813 | D:1      | Reached XP level 3. HP: 19/33 MP: 3/3
  1141 | D:2      | Gained mutation: Your mind is acute. (Int +2) [potion of
                  | mutation]
  1141 | D:2      | Lost mutation: Your mind is acute. (Int +2) [potion of
                  | mutation]
  1141 | D:2      | Gained mutation: You are partially covered in yellow
                  | scales. (AC +2) [potion of mutation]
  1141 | D:2      | Gained mutation: You are partially covered in thin metallic
                  | scales. (AC +2) [potion of mutation]
  1339 | D:2      | Found an opulent altar of Gozag.
  1661 | D:3      | Reached XP level 4. HP: 40/40 MP: 4/4
  1752 | D:3      | Reached skill level 1 in Throwing
  2261 | D:3      | Found a sacrificial altar of Ru.
  2282 | D:3      | Found a shimmering altar of Xom.
  2333 | D:3      | Became a worshipper of Xom of Chaos
  2365 | D:3      | XOM: harmless Conj miscast
  2382 | D:3      | Reached XP level 5. HP: 12/47 MP: 5/5
  2388 | D:3      | XOM: potion effect (curing)
  2396 | D:3      | XOM: potion effect (agility)
  2399 | D:3      | XOM: swap monsters
  2546 | D:3      | XOM: blink monster(s)
  2553 | D:3      | XOM: confuse monster(s)
  2559 | D:3      | Reached skill level 5 in Maces & Flails
  2985 | D:3      | XOM: noise
  3193 | D:4      | Noticed a phantom
  3200 | D:4      | Noticed an ice beast
  3207 | D:4      | XOM: enchant monster (good)
  3208 | D:4      | XOM: noise
  3210 | D:4      | Reached XP level 6. HP: 36/53 MP: 6/6
  3233 | D:4      | XOM: summons 2 friendly demons
  3277 | D:5      | Entered Level 5 of the Dungeon
  3302 | D:5      | XOM: 2-stop teleportation journey
  3308 | D:5      | XOM: summons 5 friendly demons
  3358 | D:5      | Reached skill level 1 in Short Blades
  3367 | D:5      | XOM: harmless Tmut miscast
  3421 | D:5      | HP: 2/53 [centaur/arrow (9)]
  3423 | D:5      | XOM: harmless Fire miscast
  3425 | D:5      | Slain by a centaur

Skill      XL: |  1  2  3  4  5  6 |
---------------+-------------------+-----
Fighting       | 4 |  4.7
Maces & Flails | 4 5 |  5.4
Throwing       | 1 2 |  2.0
Dodging        | 3 |  3.0
Short Blades   | 1 |  1.0
Stealth        | 2 |  2.0

Action                   |  1- 3 |  4- 6 || total
-------------------------+-------+-------++-------
Melee: Mace              |   111 |   123 ||   234
       Short sword       |       |    67 ||    67
Throw: Stone             |    41 |    87 ||   128
       Throwing net      |       |     1 ||     1
  Use: Scroll            |     7 |     3 ||    10
       Potion            |     3 |       ||     3
 Stab: Sleeping          |     1 |       ||     1
  Eat: Ration            |     1 |     1 ||     2
       Chunk             |     1 |     1 ||     2
Armor: Robe              |    17 |    63 ||    80
Dodge: Dodged            |    88 |   133 ||   221
